| TOP OF THE 1ST |
|
Philadelphia Phillies batting - Pitching for San Diego Padres : LHP Danny Arizola
|
|
Pitching: LHP Danny Arizola
|
|
|
Batting: RHB Andy Ramirez
|
0-0: Reached on error, E6 (Groundball, 6, EV 81.9 MPH)
|
|
Batting: RHB Paul Molitor
|
0-0: Called Strike 0-1: Ball 1-1: Fly out, F8 (Flyball, 78D, EV 85.0 MPH)
|
|
Batting: LHB Tony Gwynn
|
0-0: Fly out, F4 (Popup, 4S, EV 70.0 MPH)
|
|
Batting: RHB Candy Maldonado
|
0-0: Called Strike 0-1: Called Strike 0-2: Ball 1-2: Ball 2-2: Ball 3-2: Foul Ball, location: 2F 3-2: Foul Ball, location: 2F 3-2: Fly out, F7 (Line Drive, 7, EV 95.6 MPH)
|
| Top of the 1st over - 0 runs, 0 hits, 1 error, 1 left on base; Philadelphia 0 - San Diego 0 |
| BOTTOM OF THE 1ST |
|
San Diego Padres batting - Pitching for Philadelphia Phillies : LHP Larry McWilliams
|
|
Pitching: LHP Larry McWilliams
|
|
|
Batting: RHB Bob Dernier
|
0-0: Bunt missed! 0-1: Ball 1-1: SINGLE (Line Drive, 7S, EV 85.6 MPH)
|
|
Batting: RHB Joel Youngblood
|
0-0: Ball 1-0: Fielders Choice at 2nd, 2-4 (Groundball, 15S, EV 66.9 MPH)
|
|
Batting: RHB Dennis Dungy
|
0-0: Ball 1-0: Called Strike Joel Youngblood steals 2nd base 1-1: Foul Ball, location: 2F 1-2: Ball 2-2: Hit by Pitch
|
|
Batting: RHB Kelvin Moore
|
0-0: Called Strike 0-1: Fielders Choice at 2nd, 6-4 (Groundball, 6M, EV 103.1 MPH) Joel Youngblood to third
|
|
Batting: LHB Jerry McDonald
|
0-0: Called Strike 0-1: Ball 1-1: Ball 2-1: Ball 3-1: Foul Ball, location: 2F 3-2: Ground out 4-3 (Groundball, 4, EV 87.5 MPH)
|
| Bottom of the 1st over - 0 runs, 1 hit, 0 errors, 2 left on base; Philadelphia 0 - San Diego 0 |
| TOP OF THE 2ND |
|
Philadelphia Phillies batting - Pitching for San Diego Padres : LHP Danny Arizola
|
|
Batting: RHB Andre Dawson
|
0-0: Ball 1-0: Called Strike 1-1: Foul Ball, location: 2F 1-2: Foul Ball, location: 2F 1-2: Foul Ball, location: 2F 1-2: Strikes out looking
|
|
Batting: RHB Jody Davis
|
0-0: Fly out, F5 (Popup, 5S, EV 83.8 MPH)
|
|
Batting: RHB Dan Thomas
|
0-0: Ball 1-0: Bunt for hit to P - play at first, batter OUT! 1-3
|
| Top of the 2nd over - 0 runs, 0 hits, 0 errors, 0 left on base; Philadelphia 0 - San Diego 0 |
| BOTTOM OF THE 2ND |
|
San Diego Padres batting - Pitching for Philadelphia Phillies : LHP Larry McWilliams
|
|
Batting: RHB Heriberto Soltero
|
0-0: Ground out 1-3 (Groundball, 15S, EV 75.6 MPH)
|
|
Batting: RHB Eddy Martinez
|
0-0: Ball 1-0: Ball 2-0: Called Strike 2-1: Ball 3-1: Foul Ball, location: 2F 3-2: Foul Ball, location: 2F 3-2: Fly out, F9 (Line Drive, 9, EV 98.8 MPH)
|
|
Batting: RHB Dave Edler
|
0-0: Ground out 6-3 (Groundball, 6, EV 85.0 MPH)
|
| Bottom of the 2nd over - 0 runs, 0 hits, 0 errors, 0 left on base; Philadelphia 0 - San Diego 0 |
| TOP OF THE 3RD |
|
Philadelphia Phillies batting - Pitching for San Diego Padres : LHP Danny Arizola
|
|
Batting: RHB Ivan de Jesus
|
0-0: Called Strike 0-1: Swinging Strike 0-2: Strikes out swinging
|
|
Batting: LHB Larry McWilliams
|
0-0: Ball 1-0: Ground out 6-3 (Groundball, 6, EV 88.8 MPH)
|
|
Batting: RHB Andy Ramirez
|
0-0: Ball 1-0: Fly out, F7 (Flyball, 7LD, EV 89.4 MPH)
|
| Top of the 3rd over - 0 runs, 0 hits, 0 errors, 0 left on base; Philadelphia 0 - San Diego 0 |
| BOTTOM OF THE 3RD |
|
San Diego Padres batting - Pitching for Philadelphia Phillies : LHP Larry McWilliams
|
|
Batting: LHB Danny Arizola
|
0-0: Foul Ball, location: 2F 0-1: Called Strike 0-2: Ball 1-2: Ball 2-2: Strikes out swinging
|
|
Batting: RHB Bob Dernier
|
0-0: Fly out, F9 (Line Drive, 9, EV 102.5 MPH)
|
|
Batting: RHB Joel Youngblood
|
0-0: Ball 1-0: Called Strike 1-1: Ball 2-1: Foul Ball, location: 2F 2-2: Ground out 5-3 (Groundball, 56, EV 84.4 MPH)
|
| Bottom of the 3rd over - 0 runs, 0 hits, 0 errors, 0 left on base; Philadelphia 0 - San Diego 0 |
| TOP OF THE 4TH |
|
Philadelphia Phillies batting - Pitching for San Diego Padres : LHP Danny Arizola
|
|
Batting: RHB Paul Molitor
|
0-0: Ball 1-0: Ball 2-0: Called Strike 2-1: Ball 3-1: SINGLE (Flyball, 8LS, EV 89.4 MPH)
|
|
Batting: LHB Tony Gwynn
|
0-0: Called Strike 0-1: Ball 1-1: Ball 2-1: Fielders Choice at 2nd, 1-4 (Groundball, 15S, EV 62.5 MPH)
|
|
Batting: RHB Candy Maldonado
|
0-0: DOUBLE (Line Drive, 5D, EV 100.0 MPH) Tony Gwynn to third Runner from 3rd tries for Home, SAFE, no throw by LF
|
|
Batting: RHB Andre Dawson
|
0-0: Called Strike 0-1: Ball 1-1: Ball 2-1: 2-RUN HOME RUN (Line Drive, 78XD, EV 101.3 MPH), Distance : 420 ft
|
|
Batting: RHB Jody Davis
|
0-0: Ball 1-0: Ball 2-0: Ball 3-0: Base on Balls
|
|
Batting: RHB Dan Thomas
|
0-0: Ball 1-0: Called Strike 1-1: Fly out, F9 (Flyball, 9D, EV 95.6 MPH)
|
|
Batting: RHB Ivan de Jesus
|
0-0: Foul Ball, location: 2F 0-1: Ball 1-1: Fly out, F3 (Popup, 3F, EV 66.3 MPH)
|
| Top of the 4th over - 3 runs, 3 hits, 0 errors, 1 left on base; Philadelphia 3 - San Diego 0 |
| BOTTOM OF THE 4TH |
|
San Diego Padres batting - Pitching for Philadelphia Phillies : LHP Larry McWilliams
|
|
Batting: RHB Dennis Dungy
|
0-0: Foul Ball, location: 2F 0-1: Ball 1-1: Called Strike 1-2: Ball 2-2: Ball 3-2: Fly out, F6 (Popup, 56D, EV 70.6 MPH)
|
|
Batting: RHB Kelvin Moore
|
0-0: Called Strike 0-1: Fly out, F8 (Line Drive, 8RM, EV 96.9 MPH)
|
|
Batting: LHB Jerry McDonald
|
0-0: Ball 1-0: Foul Ball, location: 2F 1-1: Ground out U3 (Groundball, 3, EV 91.3 MPH)
|
| Bottom of the 4th over - 0 runs, 0 hits, 0 errors, 0 left on base; Philadelphia 3 - San Diego 0 |
| TOP OF THE 5TH |
|
Philadelphia Phillies batting - Pitching for San Diego Padres : LHP Danny Arizola
|
|
Batting: LHB Larry McWilliams
|
0-0: Ball 1-0: Swinging Strike 1-1: Ball 2-1: Ground out 6-3 (Groundball, P, EV 86.9 MPH)
|
|
Batting: RHB Andy Ramirez
|
0-0: Ball 1-0: Called Strike 1-1: Ball 2-1: Ground out 6-3 (Groundball, 6, EV 88.1 MPH)
|
|
Batting: RHB Paul Molitor
|
0-0: SINGLE (Groundball, 56, EV 110.6 MPH) (infield hit)
|
|
Batting: LHB Tony Gwynn
|
0-0: Ball 1-0: SINGLE (Flyball, 6D, EV 91.9 MPH) Paul Molitor to second
|
|
Batting: RHB Candy Maldonado
|
0-0: Called Strike 0-1: Ball 1-1: SINGLE (Line Drive, 9S, EV 102.5 MPH) Paul Molitor to third Tony Gwynn to second Runner from 3rd tries for Home, throw by RF and OUT! 9-2
|
| Top of the 5th over - 0 runs, 3 hits, 0 errors, 2 left on base; Philadelphia 3 - San Diego 0 |
| BOTTOM OF THE 5TH |
|
San Diego Padres batting - Pitching for Philadelphia Phillies : LHP Larry McWilliams
|
|
Batting: RHB Heriberto Soltero
|
0-0: Called Strike 0-1: Fly out, F6 (Popup, 56D, EV 55.6 MPH)
|
|
Batting: RHB Eddy Martinez
|
0-0: Ball 1-0: Swinging Strike 1-1: Swinging Strike 1-2: Hit by Pitch
|
|
Batting: RHB Dave Edler
|
0-0: Called Strike 0-1: Ball 1-1: SINGLE (Groundball, 5S, EV 68.1 MPH) (infield hit) Eddy Martinez to second
|
|
Batting: LHB Danny Arizola
|
0-0: Ball 1-0: Bunted foul 1-1: Bunted foul 1-2: Ball 2-2: Bunted foul, Strikeout!
|
|
Batting: RHB Bob Dernier
|
0-0: Called Strike 0-1: Swinging Strike 0-2: Ball 1-2: Foul Ball, location: 2F 1-2: Ball 2-2: Foul Ball, location: 2F 2-2: Foul Ball, location: 2F 2-2: SINGLE (Flyball, 4D, EV 93.1 MPH) Eddy Martinez to third Dave Edler to second Runner from 3rd tries for Home, SAFE, throw by CF to home
|
|
Batting: RHB Joel Youngblood
|
0-0: Swinging Strike 0-1: Swinging Strike 0-2: Ball 1-2: Strikes out swinging
|
| Bottom of the 5th over - 1 run, 2 hits, 0 errors, 2 left on base; Philadelphia 3 - San Diego 1 |
| TOP OF THE 6TH |
|
Philadelphia Phillies batting - Pitching for San Diego Padres : LHP Danny Arizola
|
|
Batting: RHB Andre Dawson
|
0-0: Called Strike 0-1: Ball 1-1: Ball 2-1: Ball 3-1: Base on Balls
|
|
Batting: RHB Jody Davis
|
0-0: Ball 1-0: Foul Ball, location: 2F 1-1: Ball 2-1: Foul Ball, location: 2F 2-2: Grounds into double play, 5-4-3 (Groundball, 56, EV 100.6 MPH)
|
|
Batting: RHB Dan Thomas
|
0-0: Called Strike 0-1: Foul Ball, location: 2F 0-2: Ball 1-2: Ball 2-2: Ball 3-2: Foul Ball, location: 2F 3-2: Foul Ball, location: 2F 3-2: SINGLE (Line Drive, 7S, EV 89.4 MPH)
|
|
Batting: RHB Ivan de Jesus
|
Pickoff Throw to First - Out! 1-3
|
| Top of the 6th over - 0 runs, 1 hit, 0 errors, 0 left on base; Philadelphia 3 - San Diego 1 |
| BOTTOM OF THE 6TH |
|
San Diego Padres batting - Pitching for Philadelphia Phillies : LHP Larry McWilliams
|
|
Batting: RHB Dennis Dungy
|
0-0: Ball 1-0: SINGLE (Groundball, 56S, EV 74.4 MPH) (infield hit)
|
|
Batting: RHB Kelvin Moore
|
0-0: Foul Ball, location: 2F 0-1: Ball 1-1: Ball 2-1: Fielders Choice at 2nd, 5-4 (Groundball, 56, EV 102.5 MPH)
|
|
Batting: LHB Jerry McDonald
|
0-0: Ball 1-0: Ball 2-0: Fly out, F8 (Flyball, 8RD, EV 96.3 MPH)
|
|
Batting: RHB Heriberto Soltero
|
0-0: Ball 1-0: Swinging Strike 1-1: Ball 2-1: Ball 3-1: Fielders Choice at 2nd, 6-4 (Groundball, 6, EV 83.8 MPH)
|
| Bottom of the 6th over - 0 runs, 1 hit, 0 errors, 1 left on base; Philadelphia 3 - San Diego 1 |
| TOP OF THE 7TH |
|
Philadelphia Phillies batting - Pitching for San Diego Padres : LHP Danny Arizola
|
|
Batting: RHB Ivan de Jesus
|
0-0: Ball 1-0: Fly out, F3 (Popup, 3SF, EV 75.0 MPH)
|
|
Batting: LHB Larry McWilliams
|
0-0: Called Strike 0-1: Ball 1-1: Swinging Strike 1-2: Strikes out swinging
|
|
Batting: RHB Andy Ramirez
|
0-0: Ball 1-0: Ball 2-0: Ball 3-0: SINGLE (Line Drive, 9LS, EV 106.3 MPH)
|
|
Batting: RHB Paul Molitor
|
0-0: Called Strike 0-1: Ball 1-1: SINGLE (Flyball, 3D, EV 97.5 MPH) Andy Ramirez to second Runner from 2nd tries for 3rd, SAFE, throw by RF made to third
|
|
Batting: LHB Tony Gwynn
|
0-0: SINGLE (Groundball, 34D, EV 101.3 MPH) Andy Ramirez scores Paul Molitor to second Runner from 2nd tries for 3rd, SAFE, no throw by RF
|
|
Batting: RHB Candy Maldonado
|
0-0: Ball 1-0: Fielders Choice at 2nd, 5-4 (Groundball, 56, EV 78.1 MPH)
|
| Top of the 7th over - 1 run, 3 hits, 0 errors, 2 left on base; Philadelphia 4 - San Diego 1 |
| BOTTOM OF THE 7TH |
|
San Diego Padres batting - Pitching for Philadelphia Phillies : LHP Larry McWilliams
|
|
Batting: RHB Eddy Martinez
|
0-0: Called Strike 0-1: Ball 1-1: SINGLE (Line Drive, 9LS, EV 111.3 MPH)
|
|
Batting: RHB Dave Edler
|
0-0: Fielders Choice at 2nd, 5-4 (Groundball, 5L, EV 95.0 MPH)
|
|
Batting: LHB Danny Arizola
|
0-0: Ball 1-0: Ball 2-0: Bunted foul 2-1: Ball Dave Edler steals 2nd base 3-1: Fly out, F9 (Flyball, 9, EV 84.4 MPH)
|
|
Batting: RHB Bob Dernier
|
0-0: Ball 1-0: Ground out 3-1 (Groundball, 34, EV 111.3 MPH)
|
| Bottom of the 7th over - 0 runs, 1 hit, 0 errors, 1 left on base; Philadelphia 4 - San Diego 1 |
| TOP OF THE 8TH |
|
Philadelphia Phillies batting - Pitching for San Diego Padres : LHP Danny Arizola
|
|
Batting: RHB Andre Dawson
|
0-0: Ball 1-0: Swinging Strike 1-1: Ball 2-1: Fly out, F3 (Popup, 3F, EV 64.4 MPH)
|
|
Batting: RHB Jody Davis
|
0-0: Ball 1-0: Foul Ball, location: 2F 1-1: Ball 2-1: Called Strike 2-2: Foul Ball, location: 2F 2-2: Ball 3-2: Foul Ball, location: 2F 3-2: DOUBLE (Line Drive, 89M, EV 115.0 MPH)
|
|
Batting: RHB Dan Thomas
|
0-0: Intentional Walk
|
|
Batting: RHB Ivan de Jesus
|
0-0: Ball 1-0: Ball 2-0: SINGLE (Groundball, 6D, EV 97.5 MPH) Jody Davis to third Dan Thomas to second Runner from 3rd tries for Home, SAFE, throw by LF to home
|
|
Batting: LHB Larry McWilliams
|
0-0: Bunted foul 0-1: Sac Bunt to 3S - play at third, runner OUT! 3-5 Ivan de Jesus to second
|
|
Batting: RHB Andy Ramirez
|
0-0: Swinging Strike 0-1: Ball 1-1: Called Strike 1-2: Strikes out looking
|
| Top of the 8th over - 1 run, 2 hits, 0 errors, 2 left on base; Philadelphia 5 - San Diego 1 |
| BOTTOM OF THE 8TH |
|
San Diego Padres batting - Pitching for Philadelphia Phillies : LHP Larry McWilliams
|
|
Batting: RHB Joel Youngblood
|
0-0: Ball 1-0: DOUBLE (Line Drive, 89XD, EV 103.8 MPH)
|
|
Batting: RHB Dennis Dungy
|
0-0: Ball 1-0: Ball 2-0: Ball 3-0: Called Strike 3-1: Foul Ball, location: 2F 3-2: Foul Ball, location: 2F 3-2: Fly out, F5 (Popup, 56S, EV 83.8 MPH)
|
|
Batting: RHB Kelvin Moore
|
0-0: Foul Ball, location: 2F 0-1: Fly out, F8 (Flyball, 8RS, EV 77.5 MPH)
|
|
Batting: LHB Jerry McDonald
|
0-0: Ball 1-0: Fly out, F7 (Flyball, 7S, EV 85.0 MPH)
|
| Bottom of the 8th over - 0 runs, 1 hit, 0 errors, 1 left on base; Philadelphia 5 - San Diego 1 |
| TOP OF THE 9TH |
|
Philadelphia Phillies batting - Pitching for San Diego Padres : LHP Danny Arizola
|
|
Pitching: LHP Jack W O'Connor
|
|
|
Batting: RHB Paul Molitor
|
0-0: Called Strike 0-1: Ball 1-1: Called Strike 1-2: Strikes out swinging
|
|
Batting: LHB Tony Gwynn
|
0-0: Fly out, F8 (Line Drive, 8RM, EV 92.5 MPH)
|
|
Batting: RHB Candy Maldonado
|
0-0: Foul Ball, location: 2F 0-1: SOLO HOME RUN (Flyball, 8RXD, EV 104.4 MPH), Distance : 454 ft
|
|
Batting: RHB Andre Dawson
|
0-0: Ball 1-0: DOUBLE (Line Drive, 89D, EV 100.6 MPH)
|
|
Batting: RHB Jody Davis
|
0-0: Foul Ball, location: 2F 0-1: Ball 1-1: Ball 2-1: Called Strike 2-2: Foul Ball, location: 2F 2-2: Fly out, F6 (Popup, 6MS, EV 76.3 MPH)
|
| Top of the 9th over - 1 run, 2 hits, 0 errors, 1 left on base; Philadelphia 6 - San Diego 1 |
| BOTTOM OF THE 9TH |
|
San Diego Padres batting - Pitching for Philadelphia Phillies : LHP Larry McWilliams
|
|
Batting: RHB Heriberto Soltero
|
0-0: Fly out, F8 (Line Drive, 8LD, EV 90.0 MPH)
|
|
Batting: RHB Eddy Martinez
|
0-0: Foul Ball, location: 2F 0-1: Called Strike 0-2: Foul Ball, location: 2F 0-2: Foul Ball, location: 2F 0-2: Ball 1-2: Ball 2-2: Foul Ball, location: 2F 2-2: Fly out, F8 (Flyball, 8RD, EV 98.8 MPH)
|
|
Batting: RHB Dave Edler
|
0-0: Ground out 4-3 (Groundball, 4M, EV 99.4 MPH)
|
| Bottom of the 9th over - 0 runs, 0 hits, 0 errors, 0 left on base; Philadelphia 6 - San Diego 1 |
|